 Dungeon Crawl Stone Soup version 0.18.1-8-gdd0e5ea (webtiles) character file.

108 Gargoyl the Skirmisher (level 4, -4/55 HPs)
             Began as a Demonspawn Abyssal Knight on June 10, 2016.
             Was a Believer of Lugonu.
             Killed from afar by an orc wizard (9 damage)
             ... with a magic dart
             ... on level 3 of the Dungeon.
             The game lasted 00:06:49 (2727 turns).

Gargoyl the Skirmisher (Demonspawn Abyssal Knight)  Turns: 2727, Time: 00:06:49

Health: -4/55      AC: 22    Str: 14    XL:     4   Next: 58%
Magic:  5/5        EV:  2    Int: 18    God:    Lugonu [**....]
Gold:   121        SH:  4    Dex: 17    Spells: 0 memorised, 3 levels left

rFire  . . .     SeeInvis .     a - +1 hand axe
rCold  . . .     Gourm    .     (armour currently unavailable)
rNeg   + + +     Faith    .     k - +0 buckler
rPois  +         Spirit   .     (helmet currently unavailable)
rElec  .         Dismiss  .     (cloak currently unavailable)
rCorr  .         Reflect  .     (gloves currently unavailable)
SustAt .         Harm     .     (boots currently unavailable)
MR     .....     NoTele   +     (no amulet)
Stlth  +++.......               (no ring)
                                (no ring)

@: brilliant, agile, tree-form, not resistant to hostile enchantments, fairly
stealthy
A: (talons 0)
a: Depart the Abyss, Bend Space, Renounce Religion


You were on level 3 of the Dungeon.
You worshipped Lugonu.
Lugonu was pleased with you.
You were not hungry.
You were a tree.
You visited 1 branch of the dungeon, and saw 3 of its levels.
You visited the Abyss 1 time.

You collected 121 gold pieces.

Inventory:

Hand Weapons
 a - a +1 hand axe (weapon)
Armour
 k - a +0 buckler (worn)
 l - a +0 chain mail (melded)
Wands
 o - a wand of slowing (21/48)
Scrolls
 d - 2 scrolls of identify
 e - 2 scrolls of amnesia
 f - a scroll of teleportation {unknown}
 g - a scroll of recharging {unknown}
 h - a scroll of magic mapping
 m - a scroll of enchant armour {unknown}
 n - a scroll of immolation {unknown}
Potions
 b - 2 potions of agility
 i - 2 potions of lignification
Comestibles
 c - 3 bread rations


   Skills:
 + Level 3.7 Fighting
 + Level 2.2 Axes
 * Level 3.1 Armour
 + Level 1.7 Dodging
 + Level 0.4 Stealth
 + Level 2.4 Invocations


You had 3 spell levels left.
You didn't know any spells.

Dungeon Overview and Level Annotations

Branches:
Dungeon (3/15)

Altars:
Dithmenos
Ru


Innate Abilities, Weirdness & Mutations

((You have sharp toenails.))


Message History

The orc wizard is moderately wounded.
The orc wizard hits you but does no damage. x2
You hit the orc wizard.
The orc wizard is moderately wounded.
The orc wizard hits you but does no damage. x2
You hit the orc wizard.
The orc wizard is heavily wounded.
The orc wizard hits you but does no damage.
You hit the orc wizard.
The orc wizard is almost dead.
The orc wizard hits you but does no damage.
You block the orc wizard's attack.
You closely miss the orc wizard.
The orc wizard is almost dead.
The orc wizard hits you but does no damage.
The orc wizard mumbles some strange words.
The orc wizard blinks!
The orc wizard gestures at you while chanting.
The magic dart hits you!
You die...

......................
...?!..................
..#....................
. ......................
.. #..?.................
...#......$.............
...#......?.†..)........
....#........))†♣.......
#....#.).......#.......!
##..........o..........
##...#.....####..##...
###....##...## ..# #.
.....#.##...# #.#
##.....##..### >#
##.##..##....# .#
.......##.....


You could see an orc wizard.

Vanquished Creatures
  4 adders (D:2)
  An ooze (D:3)
  2 worms
  A giant gecko (D:3)
  4 orcs (D:3)
  A ball python (D:2)
  7 giant cockroaches
  4 goblins
  6 hobgoblins
  A quokka (D:2)
  8 bats
  4 giant newts
  8 kobolds
  7 rats
58 creatures vanquished.

Notes
Turn   | Place    | Note
--------------------------------------------------------------
     0 | Abyss:1  | Gargoyl the Demonspawn Abyssal Knight began the quest for the Orb.
     0 | Abyss:1  | Reached XP level 1. HP: 18/18 MP: 2/2
    28 | Abyss:2  | Noticed a hell hog
    29 | Abyss:2  | Noticed a hell hog
    29 | D:1      | Escaped the Abyss
   147 | D:1      | Reached * piety under Lugonu
   505 | D:1      | Gained mutation: You have sharp toenails. [demonic ancestry]
   505 | D:1      | Reached XP level 2. HP: 24/24 MP: 3/3
   695 | D:1      | Reached skill level 1 in Dodging
  1480 | D:2      | Reached XP level 3. HP: 22/29 MP: 4/4
  1524 | D:2      | Found a sacrificial altar of Ru.
  1834 | D:2      | Reached ** piety under Lugonu
  2134 | D:2      | Reached XP level 4. HP: 37/37 MP: 5/5
  2212 | D:2      | Found a shadowy altar of Dithmenos.
  2712 | D:3      | HP: 2/55 [orc/war axe (1)]
  2727 | D:3      | Killed from afar by an orc wizard

Skill      XL: |  1  2  3  4 |
---------------+-------------+-----
Axes           | 2 |  2.2
Dodging        | 1 |  1.7
Armour         | 2 3 |  3.1
Fighting       | |  3.7
Stealth        | |  0.4
Invocations    | |  2.4

Action                   |  1- 3 |  4- 6 || total
-------------------------+-------+-------++-------
Melee: Hand axe          |   161 |    68 ||   229
       Kick              |    27 |     8 ||    35
Invok: Depart the Abyss  |     1 |       ||     1
Evoke: Phantom mirror    |     1 |       ||     1
  Use: Scroll            |     3 |       ||     3
       Potion            |     1 |     3 ||     4
  Eat: Chunk             |     4 |     2 ||     6
Armor: Leather armour    |    33 |       ||    33
       Chain mail        |    53 |    51 ||   104
       Skin              |       |    16 ||    16
Dodge: Dodged            |    66 |    26 ||    92
Block: Buckler           |     8 |    15 ||    23
